 Dungeon Crawl Stone Soup version 0.28-a0-1142-gc8569940dd (webtiles) character file.

Game seed: 1655977249867761117

9 Essalna the Firebug (level 2, 0/19 HPs)
             Began as a Demonspawn Fire Elementalist on Dec 13, 2021.
             Slain by a rat (3 damage)
             ... on level 2 of the Dungeon.
             The game lasted 00:01:03 (430 turns).

Essalna the Firebug (Demonspawn Fire Elementalist)   Turns: 430, Time: 00:01:04

Health: 0/19       AC:  3    Str:  8    XL:     2   Next: 3%
Magic:  5/5        EV: 12    Int: 16    God:
Gold:   0          SH:  0    Dex: 13    Spells: 4/5 levels left

rFire   . . .      SeeInvis .   (no weapon)
rCold   . . .      Faith    .   (no shield)
rNeg    . . .      Spirit   .   a - +1 robe
rPois   .          Reflect  .   (no helmet)
rElec   .          Harm     .   (no cloak)
rCorr   .          Rampage  .   (no gloves)
Will    .....                   (no boots)
Stlth   ++........              (no amulet)
HPRegen 0.06/turn               (no ring)
MPRegen 0.09/turn               (no ring)

@: no status effects
A: demonic touch 1
a: no special abilities


You were on level 2 of the Dungeon.
You visited 1 branch of the dungeon, and saw 2 of its levels.

Inventory:

Armour
 a - a +1 robe (worn)


   Skills:
 - Level 1.7 Dodging
 - Level 1.7 Stealth
 + Level 2.2 Spellcasting
 + Level 1.4 Conjurations
 + Level 2.9 Fire Magic


You had 4 spell levels left.
You knew the following spells:

 Your Spells              Type           Power      Damage    Failure   Level
a - Foxfire               Conj/Fire      32%        2x1d5     9%          1

Your spell library contained the following spells:

 Spells                   Type           Power      Damage    Failure   Level
 Scorch                   Fire           22%        2d6       10%         2
 Conjure Flame            Conj/Fire      8%         6-21      26%         3
 Inner Flame              Hex/Fire       6%         N/A       32%         3
 Ignite Poison            Fire/Tmut/Pois 4%         N/A       38%         3
 Flame Wave               Conj/Fire      8%         2d4       63%         4
 Sticky Flame             Conj/Fire      8%         2d3       63%         4


Dungeon Overview and Level Annotations

Branches:
Dungeon (2/15)

Altars:


Innate Abilities, Weirdness & Mutations

Your touch may inflict minor irresistible damage on your foes.


Message History

Things that are here:
a +0 dagger; a goblin skeleton
Found a stone staircase leading down.
Found an Everburning Encyclopedia.
Found a scroll labelled GESKEOXUNORCH.
You pick up an Everburning Encyclopedia and begin reading...
You add the spells Ignite Poison and Sticky Flame to your library.
b - a scroll labelled GESKEOXUNORCH
Things that are here:
a +0 whip; a kobold skeleton
As you read the scroll labelled GESKEOXUNORCH, it crumbles to dust.
It is a scroll of enchant armour.
Your +0 robe glows green for a moment.
Found a dagger.
Found 2 gluggy blue potions and a short sword.
Found a scroll labelled ILIUKU KEULETZ.
b - a scroll labelled ILIUKU KEULETZ
As you read the scroll labelled ILIUKU KEULETZ, it crumbles to dust.
You speak a Word of immense power!
You are blasted by holy energy!
It was a scroll of holy word.
Found a hand axe.
A kobold comes into view. It is wielding a +0 club.
An adder and a rat come into view.
Found 3 gold pieces.
The kobold shouts!
You hear an angry hiss.
You hear a shout!
A frilled lizard and a rat come into view.
The frilled lizard hisses angrily.
A quokka comes into view.
The quokka moves out of view.
You hit the rat.
The rat is severely wounded.
The rat bites you but does no damage. The kobold hits you with a +0 club.
There are no items here.
The adder bites you. The rat misses you. The kobold hits you with a +0 club.
* * * LOW HITPOINT WARNING * * *
The adder closely misses you. The rat misses you.
The kobold hits you with a +0 club.
* * * LOW HITPOINT WARNING * * *
The adder closely misses you. The rat bites you.
You die...

............#.........##.##.#
............#.........##.##.#
#.........##.##.#
######.).....##.##.#
...........#....
.....#..#.....#.
.....#....###... .....#..#.#
#. .......@Kl#
......#rS......
.......r.##.##. .#...###.#
..# #.#. .. $.. ..... .#. .
.... .## ..


You could see an adder, a quokka, a kobold, a frilled lizard and a rat.

Vanquished Creatures
  A ball python (D:2)
  A goblin (D:2)
  2 hobgoblins (D:2)
  3 kobolds
7 creatures vanquished.

Vanquished Creatures (others)
  19 foxfires
19 creatures vanquished.

Grand Total: 26 creatures vanquished

Notes
Turn   | Place    | Note
-------+----------+-------------------------------------------
     0 | D:1      | Essalna the Demonspawn Fire Elementalist began the quest
                  | for the Orb.
     0 | D:1      | Reached XP level 1. HP: 13/13 MP: 3/3
   150 | D:2      | Gained mutation: Your touch may inflict minor irresistible
                  | damage on your foes. [demonic ancestry]
   150 | D:2      | Reached XP level 2. HP: 11/19 MP: 0/5
   430 | D:2      | Slain by a rat

Illustrated notes

Levels and vault maps discovered:
D:1:      minmay_arrival_glassed_features, layout_loops_ring,
          chequers_serial_rivers_large_b, minmay_tromino_v7
D:2:      layout_basic, serial_shops, shop, minmay_fractal_squares_5

Action                   || total
-------------------------++-------
Melee: Unarmed           ||     1
 Cast: Foxfire           ||    12
  Use: Scroll            ||     2
Armor: Robe              ||     1
Dodge: Dodged            ||     8

Table legend: (Time is in decaauts)
 A = Elapsed time spent in this place.
 B = Non-inter-level travel time spent in this place.
 C = Inter-level travel time spent in this place.
 D = Time resting spent in this place.
 E = Time spent auto-exploring this place.
 F = Levels seen in this place.
 G = Mean time per level.
                   A        B        C        D        E       F      G
               +--------+--------+--------+--------+--------+-----+--------+
         Total |    429 |    429 |      0 |      0 |    264 |   2 |  214.5 |
       Dungeon |    429 |    429 |      0 |      0 |    264 |   2 |  214.5 |
               +--------+--------+--------+--------+--------+-----+--------+

Top non-repeatable levels by time:
     D:2: 403 daAuts
     D:1: 26 daAuts
